Map: Golden Wall LE

Players

Goonies

  • Race: Terran Terran
  • League: Silver
  • Spawn Location: 7:00

antagomiR - Winner!

  • Race: Protoss Protoss
  • League: Gold
  • Spawn Location: 5:00

VOD

Have the link to the VOD?

Description

Time

  • Played on: April 3, 2020, 8:15 p.m.
  • Length: 34:29
Show
View Real Time Build Order
Export as new Build Order

Goonies Terran 

Build Orders: Command Center First (CC) 

Get SALT Encoding   

  12  0:01  SCV  
  13  0:14  SCV  
  14  0:19  Supply Depot  
  14  0:26  SCV  
  15  0:40  SCV  
  15  0:42  Refinery  
  16  0:53  SCV  
  17  1:05  SCV  
  18  1:17  SCV  
  18  1:18  Command Center  
  19  1:29  SCV, Barracks  
  20  1:39  Supply Depot  
  20  1:41  SCV  
  21  1:53  SCV  
  22  2:00  Engineering Bay  
  22  2:02  Refinery  
  22  2:05  SCV  
  23  2:17  SCV  
  23  2:21  Marine  
  25  2:31  Bunker  
  25  2:35  SCV  
  26  2:39  Marine  
  26  2:44  Factory  
  27  2:48  SCV  
  28  2:53  SCV  
  29  3:00  SCV  
  29  3:05  Marine  
  32  3:20  Missile Turret  
  32  3:22  Marine  
  32  3:23  Planetary Fortress  
  32  3:29  Factory Tech Lab  
  32  3:36  Orbital Command  
  32  3:40  Marine  
  33  3:46  Refinery  
  33  3:50  Command Center  
  33  3:55  Siege Tank  
  36  4:03  Hi-Sec Auto Tracking  
  36  4:15  SCV  
  37  4:27  SCV  
  37  4:28  Supply Depot  
  38  4:39  SCV  
  39  4:51  SCV  
  40  4:56  Command Center  
  40  5:03  SCV  
  40  5:04  Planetary Fortress  
  41  5:10  Refinery  
  41  5:15  SCV  
  42  5:25  Missile Turret  
  42  5:26  Siege Tank  
  42  5:27  SCV  
  46  5:32  Missile Turret  
  46  5:36  Missile Turret  
  46  5:44  Missile Turret  
  44  5:58  Siege Tank  
  47  6:10  Barracks Tech Lab  
  30  7:09  SCV  
  30  7:12  Siege Tank  
  34  7:21  SCV  
  35  7:24  Marine  
  35  7:29  SCV  
  37  7:33  SCV  
  37  7:34  SCV  
  39  7:41  SCV  
  39  7:42  Marine, Refinery  
  39  7:44  Siege Tank  
  44  7:45  SCV  
  45  7:53  SCV  
  45  7:57  SCV  
  47  7:59  Marine  
  48  8:08  SCV  
  49  8:16  Siege Tank  
  49  8:17  Refinery  
  49  8:19  SCV  
  53  8:20  SCV  
  53  8:24  SCV  
  55  8:29  Refinery  
  55  8:31  SCV  
  56  8:36  SCV  
  57  8:43  SCV  
  57  8:48  SCV, Missile Turret  
  59  8:49  Supply Depot  
  57  8:55  SCV  
  55  9:07  SCV  
  54  9:39  Marine  
  54  9:42  Bunker  
  55  9:46  Supply Depot  
  55  9:50  Supply Depot  
  55  9:56  Supply Depot  
  55  9:57  Marine  
  56  10:00  Supply Depot  
  56  10:06  Supply Depot  
  56  10:09  SCV  
  56  10:14  SCV  
  58  10:15  Marine  
  58  10:17  Starport  
  59  10:21  SCV  
  59  10:26  SCV  
  61  10:31  Starport  
  61  10:33  Marine  
  61  10:34  SCV  
  63  10:38  SCV  
  64  10:46  SCV, Missile Turret  
  65  10:50  SCV  
  65  10:51  Marine  
  67  10:58  SCV  
  67  11:02  SCV  
  69  11:04  Missile Turret  
  69  11:10  Supply Depot  
  69  11:20  Fusion Core  
  69  11:22  Starport Tech Lab  
  69  11:25  Starport Tech Lab  
  69  11:30  Starport  
  69  11:31  SCV  
  70  11:38  Starport  
  70  11:44  SCV  
  70  11:46  Starport  
  72  11:56  SCV  
  72  11:58  Planetary Fortress  
  72  12:08  SCV  
  73  12:13  Battlecruiser  
  73  12:15  Battlecruiser  
  85  12:20  SCV, Starport Tech Lab  
  85  12:22  Starport Tech Lab  
  86  12:26  Missile Turret  
  86  12:29  Missile Turret  
  75  13:04  Starport Tech Lab, Battlecruiser  
  81  13:07  Battlecruiser  
  81  13:11  Missile Turret  
  87  13:15  Missile Turret  
  87  13:19  Missile Turret  
  87  13:26  Armory  
  87  13:34  Armory  
  87  13:52  Neosteel Armor  
  87  13:58  Supply Depot  
  87  14:00  SCV  
  88  14:09  SCV  
  89  14:13  SCV  
  89  14:16  Terran Vehicle And Ship Armor Level 1  
  90  14:21  SCV, Missile Turret  
  91  14:24  Terran Ship Weapons Level 1  
  91  14:25  SCV  
  92  14:33  SCV  
  92  14:34  Battlecruiser  
  92  14:37  SCV  
  100  14:39  Missile Turret  
  101  14:45  SCV  
  101  14:49  SCV  
  102  14:54  SCV  
  102  14:57  SCV  
  104  15:06  SCV  
  105  15:14  Command Center  
  105  15:19  SCV  
  106  15:25  Battlecruiser  
  118  15:28  Battlecruiser  
  118  15:31  SCV  
  118  15:36  SCV  
  116  15:43  SCV  
  116  15:48  SCV  
  58  17:19  Battlecruiser  
  58  17:21  Battlecruiser  
  70  17:23  Battlecruiser  
  70  17:25  Battlecruiser  
  70  17:27  Terran Ship Weapons Level 2  
  82  17:34  Terran Vehicle And Ship Armor Level 2  
  33  22:36  Supply Depot  
  33  22:41  Supply Depot  
  33  22:44  Supply Depot  
  33  22:49  Supply Depot  
  33  22:55  Supply Depot  
  33  22:59  Supply Depot  
  33  23:00  Supply Depot  
  39  23:05  Battlecruiser  
  39  23:11  Battlecruiser  
  39  23:33  Battlecruiser  
  39  23:35  Battlecruiser  
  39  23:40  Supply Depot  
  45  23:47  Supply Depot  
  45  23:54  Battlecruiser  
  57  24:10  Battlecruiser  
  57  24:15  Battlecruiser  
  63  24:37  Battlecruiser  
  69  24:50  Battlecruiser  
Show
View Real Time Build Order
Export as new Build Order

antagomiR Protoss - Winner!

Build Orders: Blink Stalkers 

Get SALT Encoding   

  12  0:02  Probe  
  13  0:14  Probe  
  14  0:24  Pylon  
  14  0:26  Probe  
  15  0:42  Probe  
  16  0:43  Gateway  
  16  0:53  Assimilator  
  16  0:54  Probe  
  17  1:06  Probe  
  18  1:18  Probe  
  19  1:30  Probe  
  20  1:37  Cybernetics Core  
  20  1:40  Assimilator  
  20  1:43  Probe  
  21  1:52  Pylon  
  21  1:55  Probe  
  22  2:07  Probe  
  23  2:09  Warp Gate (Chrono Boost)  
  23  2:19  Probe  
  24  2:27  Pylon  
  24  2:31  Probe  
  25  2:40  Stalker (Chrono Boost)  
  25  2:43  Probe  
  28  2:50  Twilight Council, Robotics Facility  
  28  2:55  Probe  
  28  2:57  Gateway x2  
  29  3:22  Blink (Chrono Boost)  
  29  3:32  Nexus  
  29  3:36  Pylon  
  29  3:43  Probe  
  31  3:55  Probe  
  31  4:13  Probe  
  31  4:15  Shield Battery  
  32  4:25  Probe  
  32  4:26  Forge  
  32  4:28  Templar Archives  
  33  4:37  Probe  
  34  4:39  Stalker x2  
  34  4:40  Stalker  
  40  4:52  Immortal  
  44  5:08  Stalker x2  
  44  5:12  Probe x2  
  50  5:20  Assimilator  
  50  5:24  Probe x2  
  52  5:28  Stalker  
  54  5:36  Probe  
  54  5:42  Probe  
  56  5:49  Probe  
  53  5:54  Probe  
  52  6:19  Stalker x3  
  52  6:21  Probe  
  52  6:22  Probe  
  60  6:31  Gateway  
  60  6:33  Probe, Gateway  
  60  6:34  Probe  
  60  6:35  Gateway  
  60  6:38  Pylon  
  62  6:40  Pylon  
  62  6:47  Probe  
  61  6:59  Probe  
  61  7:00  Probe  
  63  7:02  Stalker x2  
  63  7:03  Stalker  
  63  7:04  Immortal  
  71  7:11  Probe  
  71  7:12  Probe  
  69  7:23  Probe  
  69  7:24  Probe  
  69  7:27  Pylon  
  69  7:28  Charge (Chrono Boost)  
  71  7:30  Pylon  
  71  7:36  Probe x2  
  73  7:44  Immortal  
  77  7:48  Probe x2  
  79  7:54  Sentry x2  
  79  7:55  Zealot x2  
  79  7:56  Nexus, Zealot  
  79  7:58  Zealot  
  91  7:59  Pylon  
  91  8:18  Stalker  
  91  8:19  Stalker x4  
  101  8:28  Pylon  
  101  8:29  Shield Battery  
  101  8:30  Probe  
  102  8:39  Assimilator  
  102  8:46  Probe x2  
  98  8:58  Probe  
  71  9:22  Zealot x4  
  71  9:23  Zealot x2  
  83  9:48  Gateway, Forge  
  83  9:49  Gateway  
  83  9:50  Forge  
  83  9:53  Pylon  
  83  9:56  Robotics Facility  
  83  9:58  Probe x3  
  86  10:05  Assimilator  
  86  10:07  Stalker x3  
  86  10:08  Zealot  
  86  10:09  Zealot x2  
  86  10:10  Probe x2, Assimilator  
  100  10:33  Stalker x2  
  100  10:34  Zealot x2  
  100  10:35  Zealot x2  
  114  10:46  Observer  
  113  11:00  High Templar  
  113  11:01  High Templar x2  
  119  11:24  Pylon  
  119  11:27  Pylon  
  119  11:28  Archon  
  119  11:29  Assimilator  
  119  11:31  High Templar x2  
  123  11:45  Pylon  
  123  11:47  Photon Cannon  
  123  11:50  Photon Cannon x2  
  123  11:52  Photon Cannon  
  123  11:56  Photon Cannon  
  123  11:59  Photon Cannon  
  123  12:16  Photon Cannon  
  123  12:22  High Templar x3  
  129  12:25  High Templar x2  
  129  12:27  Archon  
  133  12:36  Photon Cannon  
  121  13:02  Nexus  
  121  13:05  High Templar x4  
  125  13:08  Archon x3  
  125  13:10  Immortal (Chrono Boost)  
  133  13:17  Probe x3  
  135  13:29  Probe x2  
  137  13:37  Robotics Facility x2  
  137  13:41  Immortal  
  137  13:42  Shield Battery  
  141  13:50  Archon x2  
  141  13:52  High Templar  
  141  13:53  High Templar x2  
  147  14:01  Probe x3  
  150  14:10  Assimilator  
  150  14:13  Probe  
  150  14:14  Archon  
  150  14:15  High Templar  
  150  14:16  High Templar  
  155  14:17  Immortal (Chrono Boost)  
  159  14:27  Archon  
  159  14:29  High Templar  
  161  14:44  Immortal x2  
  169  14:58  Archon  
  169  15:12  Pylon  
  169  15:14  Sentry  
  169  15:15  Pylon  
  171  15:30  Immortal x2  
  171  15:34  Immortal  
  171  16:18  Immortal x2  
  171  16:19  Immortal  
  129  16:52  Stalker  
  129  16:53  Stalker x4  
  129  16:54  Stalker x3  
  141  16:57  Immortal, Warp Prism  
  147  17:16  Stalker x2  
  147  17:17  Stalker x4  
  147  17:18  Stalker x2  
  163  17:33  Protoss Ground Armor Level 1 (Chrono Boost)  
  163  17:41  Protoss Ground Weapons Level 1 (Chrono Boost)  
  163  17:59  Nexus  
  163  18:01  Pylon  
  163  18:04  Pylon  
  163  18:12  Observer x2  
  165  18:40  Stalker x5  
  165  18:41  Stalker x3  
  168  19:27  Stalker x4  
  168  19:28  Stalker x4  
  171  20:01  Stalker x4  
  171  20:02  Stalker x3  
  137  20:26  Assimilator  
  129  20:30  Assimilator  
  129  20:32  Photon Cannon  
  129  20:35  Photon Cannon x2  
  126  20:37  Photon Cannon  
  126  20:40  Photon Cannon  
  126  20:46  Stalker x4  
  126  20:47  Stalker x2  
  138  20:53  Gateway  
  138  20:55  Gateway  
  138  21:00  Gateway x2  
  138  21:05  Gateway, Photon Cannon  
  138  21:06  Gateway, Photon Cannon  
  138  21:09  Gateway  
  138  21:13  Gateway  
  138  21:14  Photon Cannon  
  137  22:24  Cybernetics Core  
  137  22:38  High Templar  
  137  22:39  High Templar x5  
  137  22:40  High Templar  
  137  22:43  Archon x3  
  149  24:00  Gateway  
  149  24:01  Gateway  
  149  24:15  Stalker x2  
  149  24:16  Stalker x2  
  157  24:26  Pylon  
  157  24:28  Pylon  
  157  24:31  Pylon  
  157  24:32  Pylon  
  157  24:33  Pylon  
  157  24:36  Pylon x2  
  157  25:12  Stalker x3  
  157  25:13  Stalker x4  
  157  25:14  Stalker x2  
  173  25:15  Stalker  
  115  26:13  Stalker x3  
  115  26:14  Stalker x3  
  115  26:15  Stalker x2  
  125  26:29  Photon Cannon  
  125  26:31  Photon Cannon  
  125  26:33  Photon Cannon  
  125  26:34  Stalker  
  125  26:35  Photon Cannon, Stalker  
  127  26:46  Stalker x2  
  130  26:47  Stalker x2  
  130  26:49  Stalker  
  120  27:05  Stalker x2  
  120  27:06  Stalker x2  
  99  27:33  Stalker  
  99  27:34  Stalker x3  
  107  27:39  Nexus  
  107  27:40  Pylon  
  107  27:42  Pylon  
  107  27:57  Gateway  
  107  27:58  Gateway  
  107  28:01  Gateway  
  107  28:04  Gateway x2  
  107  28:10  Pylon  
  107  28:13  Gateway  
  107  28:14  Gateway  
  90  28:47  Photon Cannon  
  90  28:48  Photon Cannon  
  83  28:49  Photon Cannon  
  83  28:51  Photon Cannon  
  83  28:52  Photon Cannon  
  83  28:53  Photon Cannon  
  83  28:56  Photon Cannon  
  83  28:57  Photon Cannon  
  83  28:58  Photon Cannon  
  83  29:00  Photon Cannon  
  83  29:13  Cybernetics Core  
  84  29:18  Pylon  
  81  29:54  Photon Cannon x2  
  81  29:56  Shield Battery  
  81  29:59  Photon Cannon  
  81  30:00  Photon Cannon  
  81  30:01  Shield Battery  
  81  30:09  Stalker x3  
  81  30:10  Shield Battery  
  87  30:31  Pylon x2  
  87  30:33  Pylon  
  87  30:35  Pylon  
  87  30:37  Pylon  
  87  30:38  Pylon  
  87  30:39  Pylon  
  87  30:53  Assimilator  
  87  30:54  Stalker  
  87  30:55  Stalker x4  
  87  30:56  Stalker x2  
  100  31:10  Robotics Facility  
  99  31:19  Stalker x2  
  103  31:28  Pylon  
  103  31:30  Pylon  
  103  31:31  Pylon  
  103  31:35  Gateway  
  103  31:37  Gateway  
  103  31:41  Gateway  
  103  31:44  Gateway  
  103  32:18  Warp Prism  
  105  32:33  Stalker x2  
  109  32:51  Stalker x2  
  113  33:09  Stalker x2  
  113  33:23  Stalker  
  111  33:58  Pylon  
Tags
 
Add a new tag
Caveats
  • Supply blocks, unpowered buildings, or Contaminate may cause inaccurate times.
  • Supply counts are checked every 10 seconds.